 Dungeon Crawl Stone Soup version 0.28-a0-726-g4a9143789a (webtiles) character file.

Game seed: 2251363228022322271

52 kae the Sneak (level 3, -5/17 HPs)
             Began as a Spriggan Enchanter on Oct 27, 2021.
             Killed by nerve-wracking pain
             ... invoked by Grinder
              (11 damage)
             ... on level 4 of the Dungeon.
             The game lasted 00:02:25 (3256 turns).

kae the Sneak (Spriggan Enchanter)                  Turns: 3256, Time: 00:02:26

Health: -5/17      AC:  2    Str:  5    XL:     3   Next: 60%
Magic:  6/8        EV: 17    Int: 16    God:
Gold:   134        SH:  5    Dex: 15    Spells: 0/8 levels left

rFire   x . .      SeeInvis +   a - +1 dagger
rCold   + . .      Faith    .   m - +0 buckler
rNeg    . . .      Spirit   .   b - +0 robe
rPois   .          Reflect  .   (helmet restricted)
rElec   .          Harm     .   (no cloak)
rCorr   .          Rampage  .   (gloves unavailable)
Will    .....                   (boots unavailable)
Stlth   +++.......              (no amulet)
HPRegen 0.05/turn               f - ring of ice
MPRegen 0.11/turn               (no ring)

@: very quick
A: very small, no large weapons, unfitting armour, see invisible, speed 3
a: no special abilities


You were on level 4 of the Dungeon.
You visited 1 branch of the dungeon, and saw 4 of its levels.

You collected 134 gold pieces.

Inventory:

Hand Weapons
 a - a +1 dagger (weapon)
Armour
 b - a +0 robe (worn)
 m - a +0 buckler (worn)
Jewellery
 f - a ring of ice (left hand)
Scrolls
 d - a scroll of noise
 g - a scroll of amnesia
 j - a scroll of blinking {unknown}
 k - a scroll of enchant weapon {unknown}
 l - a scroll of fog {unknown}
Potions
 c - a potion of invisibility
 e - a potion of curing {unknown}
 h - a potion of attraction {unknown}
 i - a potion of haste {unknown}


   Skills:
 + Level 0.8 Fighting
 * Level 2.2 Short Blades
 + Level 3.1 Dodging
 + Level 4.8 Stealth
 + Level 0.0 Shields
 + Level 3.2 Spellcasting
 + Level 3.9 Hexes


You couldn't memorise any spells.
You knew the following spells:

 Your Spells              Type           Power      Damage    Failure   Level
a - Ensorcelled Hibernat  Hex/Ice        26%        N/A       21%         2
b - Confusing Touch       Hex            15%        N/A       19%         3
c - Tukima's Dance        Hex            15%        N/A       19%         3

Your spell library contained the following spells:

 Spells                   Type           Power      Damage    Failure   Level
 Shock                    Conj/Air       8%         1d3       30%         1
 Dazzling Flash           Conj/Hex       16%        N/A       38%         3
 Gell's Gravitas          Tloc           1%         N/A       67%         3
 Lesser Beckoning         Tloc           2%         N/A       67%         3
 Swiftness                Air            2%         N/A       67%         3
 Teleport Other           Tloc           2%         N/A       67%         3
 Airstrike                Air            1%         N/A       97%         4


Dungeon Overview and Level Annotations

Branches:
Dungeon (4/15)
 Temple: D:4-7

Altars:
Dithmenos
Makhleb

Annotations:
D:4 Grinder


Innate Abilities, Weirdness & Mutations

You are very small and have problems with some larger weapons.
You are too small for most types of armour.
You have supernaturally acute eyesight. (SInv)
You cover ground extremely quickly. (Speed+++)


Message History

Your hands begin to glow red.
Grinder gestures at you. Pain shoots through your body!
You hit Grinder but do no damage.
Grinder appears confused.
Grinder hits you.
You hit Grinder but do no damage.
You are too injured to fight recklessly!
You are too injured to fight recklessly!
You block Grinder's attack.
You hit Grinder.
Grinder is lightly wounded.
You hit Grinder but do no damage.
Grinder is lightly wounded.
You barely miss Grinder.
Grinder is lightly wounded.
Grinder closely misses you.
You barely miss Grinder.
Grinder is lightly wounded.
Grinder completely misses you.
You hit Grinder but do no damage.
Grinder is lightly wounded.
You hit Grinder.
Grinder is lightly wounded.
You block Grinder's attack.
You hit Grinder.
Grinder is lightly wounded.
You are too injured to fight recklessly!
You are too injured to fight recklessly!
You are too injured to fight recklessly!
You are too injured to fight recklessly!
You are too injured to fight recklessly!
You are too injured to fight recklessly!
You hit Grinder.
Grinder is moderately wounded.
Grinder seems less confused.
Grinder says, "FISH!"
Grinder hits you. Grinder gestures at you. Pain shoots through your body!
Ouch! That really hurt!
You die...

.. ####.. ......
#.≈≈≈≈≈
..≈.......≈(#
$.≈.≈≈≈≈≈.≈.#
######..≈.≈...≈.≈.#
#...@...≈..._.≈....
#)###.5.≈.≈...≈.≈.##
#######.#
#...≈.≈≈≈≈≈.≈..#
#.......#
#...≈......5≈..#
#.......#
..#.≈≈≈≈≈≈≈≈≈.<#
#...<...#
.##...........##
##########.
...###.#.†..# #.
............# #.
#####.##.###


You could see Grinder.

Vanquished Creatures
  An adder (D:2)
  A worm (D:3)
  A dart slug (D:2)
  An orc (D:3)
  2 endoplasms (D:1)
  A giant cockroach (D:1)
  4 goblins
  3 hobgoblins (D:1)
  2 quokkas (D:3)
  5 ball pythons
  5 bats
  2 kobolds
  11 rats
39 creatures vanquished.

Notes
Turn   | Place    | Note
-------+----------+-------------------------------------------
     0 | D:1      | kae the Spriggan Enchanter began the quest for the Orb.
     0 | D:1      | Reached XP level 1. HP: 9/9 MP: 5/5
     0 | D:1      | Noticed a red draconian
     1 | D:1      | Noticed an iron dragon
     3 | D:1      | Noticed an orb of fire
     5 | D:1      | Noticed an iron dragon
     7 | D:1      | Noticed an iron dragon
     8 | D:1      | Noticed an iron dragon
     9 | D:1      | Noticed a red draconian
    11 | D:1      | Noticed an ice dragon
    11 | D:1      | Noticed a green draconian
    13 | D:1      | Noticed a golden dragon
    15 | D:1      | Noticed a shadow dragon
    15 | D:1      | Noticed an ice dragon
    17 | D:1      | Noticed an ice dragon
    19 | D:1      | Noticed an orb of fire
    19 | D:1      | Noticed a large abomination
    21 | D:1      | Noticed a large abomination
   402 | D:1      | Reached XP level 2. HP: 13/13 MP: 6/6
   405 | D:1      | Learned a level 2 spell: Ensorcelled Hibernation
   445 | D:1      | Found a faded altar of an unknown god.
  1708 | D:2      | Reached XP level 3. HP: 16/17 MP: 5/8
  2218 | D:3      | Found a shadowy altar of Dithmenos.
  3056 | D:4      | Noticed Grinder
  3056 | D:4      | Found a burning altar of Makhleb.
  3150 | D:3      | Learned a level 3 spell: Confusing Touch
  3154 | D:3      | Learned a level 3 spell: Tukima's Dance
  3202 | D:4      | Paralysed by Grinder for 5 turns
  3256 | D:4      | Killed from afar by Grinder

Illustrated notes

Levels and vault maps discovered:
D:1:      shiori_arrival_whats_in_store_for_you, layout_loops_corners,
          shapermc_ecumenical_altar_mp_urbaneastern, minmay_cupped
D:2:      layout_loops_cross
D:3:      layout_basic, grunt_dithmenos_smoke
D:4:      layout_basic, mainiacjoe_overflow_concentric_impassable,
          lemuel_zombie_altar_yredelemnul, grunt_ministairs_14,
          chequers_serial_rivers_micro_e, uniq_grinder, uniq_menkaure

Skill      XL: |  1  2 |
---------------+-------+-----
Spellcasting   | 3 |  3.2
Dodging        | 3 |  3.1
Short Blades   | 2 |  2.2
Fighting       | |  0.8
Stealth        | |  4.8
Hexes          | |  3.9

Action                   || total
-------------------------++-------
Melee: Dagger            ||    84
 Cast: Ensorcelled Hiber ||    25
       Confusing Touch   ||     1
  Use: Scroll            ||     3
 Stab: Sleeping          ||    24
Armor: Robe              ||     9
Dodge: Dodged            ||    56
Block: Buckler           ||     3

Table legend: (Time is in decaauts)
 A = Elapsed time spent in this place.
 B = Non-inter-level travel time spent in this place.
 C = Inter-level travel time spent in this place.
 D = Time resting spent in this place.
 E = Time spent auto-exploring this place.
 F = Levels seen in this place.
 G = Mean time per level.
                   A        B        C        D        E       F      G
               +--------+--------+--------+--------+--------+-----+--------+
         Total |   2398 |   2299 |     99 |    218 |   1787 |   4 |  599.5 |
       Dungeon |   2398 |   2299 |     99 |    218 |   1787 |   4 |  599.5 |
               +--------+--------+--------+--------+--------+-----+--------+

Top non-repeatable levels by time:
     D:3: 949 daAuts
     D:1: 852 daAuts
     D:2: 534 daAuts
     D:4: 62 daAuts
